 Dungeon Crawl Stone Soup version 0.30-a0-540-g0af01429fa (webtiles) character file.

Game seed: 6807037730348405746

12289 Armakuni the Cruncher (level 12, -4/86 HPs)
             Began as a Human Wanderer on Dec 25, 2022.
             Was an Elder of Vehumet.
             Slain by Snorg (16 damage)
             ... on level 11 of the Dungeon.
             The game lasted 00:39:24 (15744 turns).

Armakuni the Cruncher (Human Wanderer)             Turns: 15744, Time: 00:39:24

Health: -4/86      AC:  6    Str: 17    XL:     12   Next: 18%
Magic:  13/13      EV: 12    Int: 23    God:    Vehumet [****..]
Gold:   959        SH:  0    Dex:  9    Spells: 7/13 levels left

rFire   . . .      SeeInvis .    a - +7 quarterstaff (venom)
rCold   . . .      Faith    .    (shield currently unavailable)
rNeg    . . .      Spirit   .    e - +0 leather armour
rPois   .          Reflect  .    (no helmet)
rElec   .          Harm     .    E - +0 cloak
rCorr   .          Rampage  .    s - +0 pair of gloves
Will    .....                    (no boots)
Stlth   +                        (no amulet)
HPRegen 0.34/turn                I - +6 ring of intelligence
MPRegen 0.13/turn                S - +4 ring of slaying

@: about to teleport
A: no striking features
a: Renounce Religion


You were on level 11 of the Dungeon.
You worshipped Vehumet.
Vehumet was greatly pleased with you.
You visited 2 branches of the dungeon, and saw 12 of its levels.
You also visited: Ossuary and Bailey.

You collected 959 gold pieces.

Inventory:

Hand Weapons
 a - a +7 quarterstaff of venom (weapon)
 j - a +1 scimitar of flaming
Missiles
 o - 2 throwing nets
 r - 21 poisoned darts (quivered)
Armour
 e - a +0 leather armour (worn)
 h - a +1 buckler
 m - a +0 ring mail
 s - a +0 pair of gloves (worn)
 E - a +0 cloak (worn)
Magical Staves
 b - a staff of fire
 t - a staff of air
 z - a staff of poison
Jewellery
 I - a +6 ring of intelligence (left hand)
 S - a +4 ring of slaying (right hand)
Wands
 w - a wand of digging (2)
Scrolls
 i - 2 scrolls of teleportation
 l - 2 scrolls of poison
 q - 3 scrolls of amnesia
 x - a scroll of magic mapping
 y - 3 scrolls of immolation
 C - 4 scrolls of enchant armour
 D - a scroll of vulnerability
Potions
 f - 6 potions of heal wounds
 g - 8 potions of brilliance
 k - 2 potions of magic
 n - 12 potions of curing
 p - 4 potions of flight
 u - 5 potions of haste
 A - a potion of cancellation
 B - 4 potions of mutation
 G - 2 potions of berserk rage {unknown}
 H - 2 potions of lignification {unknown}


   Skills:
 - Level 5.0 Fighting
 - Level 12.0 Staves
 - Level 1.0 Throwing
 - Level 5.0 Armour
 - Level 5.0 Dodging
 - Level 1.0 Stealth
 - Level 1.0 Spellcasting
 - Level 2.0 Translocations
 + Level 6.4 Fire Magic
 - Level 10.0 Evocations


You had 7 spell levels left.
You knew the following spells:

 Your Spells              Type           Power      Damage    Failure   Level
a - Apportation           Tloc           20%        N/A       8%          1
f - Fireball              Conj/Fire      7%         3d5       30%         5

Your spell library contained the following spells:

 Spells                   Type           Power      Damage    Failure   Level
 Arcjolt                  Conj/Air       0%         1d10      71%         5
 Scorch                   Fire           60%        2d8       1%          2
 Kiss of Death            Conj/Necr      4%         2d5       4%          1
 Sandblast                Erth           2%         2d4       4%          1
 Poisonous Vapours        Pois/Air       2%         N/A       7%          2
 Flame Wave               Conj/Fire      15%        2d7       12%         4
 Mephitic Cloud           Conj/Pois/Air  1%         N/A       13%         3
 Stone Arrow              Conj/Erth      2%         3d7       13%         3
 Beastly Appendage        Tmut           2%         N/A       17%         1
 Slow                     Hex            4%         N/A       17%         1
 Sting                    Tmut/Pois      4%         1d3       17%         1
 Gell's Gravitas          Tloc           10%        N/A       22%         3
 Lesser Beckoning         Tloc           20%        N/A       22%         3
 Teleport Other           Tloc           10%        N/A       22%         3
 Cigotuvi's Dreadful Rot  Necr/Pois/Air  2%         N/A       26%         2
 Passwall                 Tmut/Erth      0%         N/A       26%         2
 Wereblood                Tmut           1%         N/A       26%         2
 Vhi's Electric Charge    Tloc/Air       10%        N/A       32%         3
 Olgreb's Toxic Radiance  Pois           1%         N/A       38%         4
 Confusing Touch          Hex            1%         N/A       45%         3
 Spider Form              Tmut/Pois      1%         N/A       45%         3
 Vampiric Draining        Necr           1%         2d6       45%         3
 Iskenderun's Battlesphe  Conj           1%         2d6       71%         5
 Dispel Undead            Necr           1%         3d6       86%         4
 Summon Ice Beast         Ice/Summ       1%         N/A       86%         4
 Summon Forest            Summ/Tloc      2%         N/A       97%         5
 Summon Mana Viper        Hex/Summ       1%         N/A       99%         5
 Conjure Ball Lightning   Conj/Air       0%         3x3d7     99%         6
 Eringya's Noxious Bog    Tmut/Pois      0%         N/A       99%         6
 Dispersal                Tloc           5%         N/A       100%        6
 Summon Cactus Giant      Summ           0%         N/A       100%        6
 Monstrous Menagerie      Summ           0%         N/A       100%        7
 Orb of Destruction       Conj           0%         9d5       100%        7
 Summon Hydra             Summ           0%         N/A       100%        7


Dungeon Overview and Level Annotations

Branches:
Dungeon (11/15)            Temple (1/1) D:5            Lair (0/5) D:10
    Orc (0/2) D:11        Ossuary (visited)          Bailey (visited)

Altars:
Ashenzari
Cheibriados
Dithmenos
Elyvilon
Fedhas
Gozag
Hepliaklqana
Kikubaaqudgha
Makhleb
Nemelex Xobeh
Okawaru
Qazlal
Ru
Sif Muna
Trog
Uskayaw
Vehumet
Wu Jian
Xom
Yredelemnul
Zin
The Shining One

Shops:
D:1 [   D:5 (   D:8 ?

Annotations:
D:7 1 runed translucent door, exclusion: door, tilp's ghost, novice MeFi
D:11 Snorg


Message History

Press: ? - help, Q - select action, (/) - cycle Shift-Dir - straight line, f/p - Snorg
Aim: Snorg (heavily wounded, berserk, extremely poisoned, slow, 78% to hit)
The puff of flame hits Snorg!
Snorg is heavily wounded.
Aiming: Throw Flame
Press: ? - help, Q - select action, (/) - cycle Shift-Dir - straight line, f/p - Snorg
Aim: Snorg (heavily wounded, berserk, very poisoned, slow, 78% to hit)
The puff of flame hits Snorg.
Snorg is heavily wounded.
The now-empty wand crumbles to dust.
Throw: 24 darts (poison)
Press: ? - help, Q - select action, (/) - cycle Shift-Dir - straight line, f/p - Snorg
Aim: Snorg (heavily wounded, berserk, very poisoned, slow, 62% to hit)
You throw a poisoned dart. The poisoned dart hits Snorg.
Snorg is heavily wounded.
Throw: 23 darts (poison)
Press: ? - help, Q - select action, (/) - cycle Shift-Dir - straight line, f/p - Snorg
Aim: Snorg (heavily wounded, berserk, very poisoned, slow, 62% to hit)
You throw a poisoned dart. The poisoned dart barely misses Snorg.
Throw: 22 darts (poison)
Press: ? - help, Q - select action, (/) - cycle Shift-Dir - straight line, f/p - Snorg
Aim: Snorg (heavily wounded, berserk, very poisoned, slow, 62% to hit)
You throw a poisoned dart. The poisoned dart hits Snorg.
Snorg looks as sick as possible!
Snorg is heavily wounded.
A boulder beetle comes into view.
As you read the scroll of teleportation, it crumbles to dust.
You feel strangely unstable.
Snorg is no longer moving slowly.
The boulder beetle curls into a ball and begins rolling!
Snorg rages.
As you read the scroll of fear, it crumbles to dust.
You assume a fearsome visage.
Snorg is unaffected.
The boulder beetle looks frightened!
Snorg misses you. Snorg barely misses you. Snorg claws you.
Unknown command.
Snorg bites you! Snorg claws you!
* * * LOW HITPOINT WARNING * * *
Snorg claws you!
You die...

.......#.....#..(..'.....
.......#)....#°....#.....
.......#.....#..(..#.....
.......#.....#.....# ....
.......#.....#.(...# ...#
.......#<....#.....# ..#
.......#.....#.....#
#####'##.....#.T...#
.............#..@..#
#################.## #
#########.####.###
####...#.#..#..#.#..#
...#.#.#...##..#...##
.##[#.[[..#.##....##
..###.#)###.##.#.#.# ..#
##..)...##.##..#
..##...))..#.....#.#


You could see Snorg (berserk, extremely poisoned).

Vanquished Creatures
  Erolcha (D:11)
  A centaur warrior (D:10)
  Erica (D:8)
  A manticore (D:11)
  Maurice (D:8)
  A hornet (D:9)
  Grinder (D:5)
  The ghost of NoAnimeNoLife the Digger, an amateur OpEE (D:4)
  Sigmund (D:3)
  19 yaks
  Eustachio (D:5)
  Menkaure (D:5)
  A warg (D:11)
  4 water moccasins
  6 orc warriors (Bailey)
  A sky beast (D:6)
  2 black bears
  3 ogres
  A phantom (D:4)
  9 centaurs
  Blork the orc (D:5)
  6 bullfrogs
  A necrophage (D:7)
  3 gnoll sergeants
  An elf skeleton (D:4)
  A scorpion (D:5)
  11 wights
  2 water moccasin zombies (Ossuary)
  2 howler monkeys
  A crimson imp (D:7)
  6 hounds (D:5)
  6 orc priests
  4 gnoll boudas
  A human skeleton (D:4)
  Jessica (D:3)
  5 iguanas
  9 orc wizards
  Ijyb (D:5)
  2 mummies (Ossuary)
  37 gnolls
  3 adders
  A white imp (D:5)
  3 ufetubi
  6 adder zombies
  2 worms
  2 dart slugs
  70 orcs
  3 ball pythons
  6 endoplasms
  2 giant cockroaches (D:3)
  4 gnoll zombies (Ossuary)
  11 goblins
  13 hobgoblins
  25 jackals
  3 kobolds
  2 quokkas
  9 bats
  2 frilled lizards
  4 hobgoblin zombies (Ossuary)
  4 kobold zombies (Ossuary)
  2 orc skeletons (D:4)
  7 orc zombies
  5 rats
347 creatures vanquished.

Vanquished Creatures (collateral kills)
  An orc warrior (Bailey)
  2 wights (D:7)
  2 orcs (Bailey)
5 creatures vanquished.

Vanquished Creatures (others)
  An orc knight (Bailey)
  Pikel (D:7)
  2 yaks
  A water moccasin (D:8)
  An orc warrior (Bailey)
  A bullfrog (D:7)
  3 wights
  39 fungi (D:10)
  51 plants
100 creatures vanquished.

Grand Total: 452 creatures vanquished

Notes
Turn   | Place    | Note
-------+----------+-------------------------------------------
     0 | D:1      | Armakuni the Human Wanderer began the quest for the Orb.
     0 | D:1      | Armakuni set off with the following items: a +0 vorpal
                  | quarterstaff, 10 poisoned darts, a +0 dagger, a potion of
                  | haste, a +0 leather armour; and the following spell
                  | memorised: Apportation; and the following spells available
                  | to memorise: Vhi's Electric Charge.
     0 | D:1      | Reached XP level 1. HP: 13/13 MP: 2/2
   167 | D:1      | Reached XP level 2. HP: 18/20 MP: 3/3
   198 | D:1      | Reached skill level 1 in Fighting
   374 | D:1      | Reached XP level 3. HP: 18/26 MP: 4/4
   384 | D:1      | Found Bomaytot's Antique Armour Shoppe.
   768 | D:2      | HP: 1/27 [gnoll/+0 spear (2)]
   770 | D:2      | Reached XP level 4. HP: 1/33 MP: 5/5
   774 | D:2      | Reached skill level 4 in Staves
  1153 | D:2      | Reached XP level 5. HP: 17/40 MP: 6/6
  1768 | D:3      | Noticed Sigmund
  1773 | D:3      | Killed Sigmund
  1774 | D:3      | Reached skill level 5 in Staves
  1774 | D:3      | Reached XP level 6. HP: 48/48 MP: 7/7
  1830 | D:3      | Noticed Jessica
  1832 | D:3      | Killed Jessica
  2327 | D:3      | Found a basalt altar of Yredelemnul.
  2501 | D:4      | Noticed an ogre
  2867 | D:4      | Reached XP level 7. HP: 34/55 MP: 8/8
  3174 | D:4      | Reached skill level 5 in Fighting
  3174 | D:4      | Reached skill level 6 in Staves
  3264 | D:4      | Found a sand-covered staircase.
  3275 | Ossuary  | Entered an ossuary
  3368 | Ossuary  | Reached skill level 7 in Staves
  3368 | Ossuary  | Reached XP level 8. HP: 57/62 MP: 9/9
  3652 | D:4      | Found a runed translucent door.
  3652 | D:4      | Noticed NoAnimeNoLife's ghost (amateur OpEE)
  4337 | D:4      | Killed NoAnimeNoLife's ghost
  4338 | D:4      | Reached skill level 8 in Staves
  4466 | D:5      | Entered Level 5 of the Dungeon
  4466 | D:5      | Found a broken altar of Ashenzari.
  4468 | D:5      | Noticed Blork the orc
  4478 | D:5      | Killed Blork the orc
  4558 | D:5      | Noticed Menkaure
  4559 | D:5      | Noticed Ijyb
  4565 | D:5      | Killed Ijyb
  4567 | D:5      | Killed Menkaure
  4568 | D:5      | Reached skill level 9 in Staves
  4734 | D:5      | Found a staircase to the Ecumenical Temple.
  4750 | Temple   | Entered the Ecumenical Temple
  4876 | D:5      | Found Nuhasmal's Weapon Boutique.
  4937 | D:5      | Noticed Grinder
  4937 | D:5      | Noticed Eustachio
  4940 | D:5      | Paralysed by Grinder for 3 turns
  4944 | D:5      | Killed Grinder
  4945 | D:5      | Reached XP level 9. HP: 68/68 MP: 10/10
  4968 | D:5      | Killed Eustachio
  4969 | D:5      | Reached skill level 10 in Staves
  5273 | D:5      | HP: 3/68 [gnoll/+0 flail (8)]
  5756 | Temple   | Became a worshipper of Vehumet
  6074 | D:5      | Reached skill level 11 in Staves
  6549 | D:5      | Reached * piety under Vehumet
  6549 | D:5      | Offered knowledge of Freeze by Vehumet.
  7247 | D:6      | Reached skill level 12 in Staves
  7689 | D:7      | Reached XP level 10. HP: 63/74 MP: 11/11
  8050 | D:7      | Found a burning altar of Makhleb.
  8108 | D:7      | Noticed Pikel
  8133 | D:7      | Your ally Pikel died
  8172 | D:7      | Found a runed translucent door.
  8173 | D:7      | Found a shimmering altar of Xom.
  8173 | D:7      | Noticed a +2 dagger of chaos
  8173 | D:7      | Noticed tilp's ghost (novice MeFi)
  8274 | D:7      | Reached skill level 5 in Evocations
  8338 | D:7      | Identified the +0 plate armour of Wu Jian's Wrath {rElec
                  | Will+ Slay-3}
  8721 | D:8      | Noticed Maurice
  8728 | D:8      | Killed Maurice
  9067 | D:8      | Noticed Erica
  9083 | D:8      | Killed Erica
  9097 | D:8      | Reached ** piety under Vehumet
  9109 | D:8      | Offered knowledge of Magic Dart by Vehumet.
  9115 | D:8      | Found a flagged portal.
  9123 | Bailey   | Entered a bailey
  9816 | Bailey   | Noticed an orc knight
  9843 | Bailey   | Reached XP level 11. HP: 35/79 MP: 12/12
 10320 | D:8      | Found Mevedoedy's Magic Scroll Shoppe.
 10518 | D:8      | Found a hazy altar of Hepliaklqana.
 10582 | D:8      | Reached skill level 10 in Evocations
 10721 | D:8      | Offered knowledge of Frozen Ramparts by Vehumet.
 10878 | D:9      | Reached skill level 1 in Dodging
 10889 | D:9      | Found a shimmering altar of Xom.
 10986 | D:9      | Found a glowing golden altar of the Shining One.
 11634 | D:9      | Found a white marble altar of Elyvilon.
 11867 | D:9      | Reached *** piety under Vehumet
 12124 | D:10     | Entered Level 10 of the Dungeon
 12821 | D:10     | Reached skill level 5 in Armour
 12821 | D:10     | Reached skill level 5 in Dodging
 12849 | D:10     | Offered knowledge of Dazzling Flash by Vehumet.
 12850 | D:10     | Reached skill level 1 in Fire Magic
 12931 | D:10     | Found a staircase to the Lair.
 13543 | D:10     | Learned a level 5 spell: Fireball
 14000 | D:10     | Found a stormy altar of Qazlal.
 14194 | D:11     | Noticed a centaur warrior
 14210 | D:10     | Killed a centaur warrior
 14777 | D:11     | Reached **** piety under Vehumet
 14786 | D:11     | Reached XP level 12. HP: 19/86 MP: 13/13
 14797 | D:11     | Noticed Erolcha
 14815 | D:11     | Killed Erolcha
 14816 | D:11     | Reached skill level 5 in Fire Magic
 15029 | D:11     | Offered knowledge of Arcjolt by Vehumet.
 15681 | D:11     | Found a staircase to the Orcish Mines.
 15716 | D:11     | Noticed Snorg
 15740 | D:11     | Noticed a boulder beetle
 15744 | D:11     | Slain by Snorg

Illustrated notes

Levels and vault maps discovered:
D:1:      zelgadis_glass_arrival_small, layout_rooms, serial_shops, shop,
          minmay_tromino_i2
D:2:      layout_basic, serial_bayou_pond_c, hangedman_decor_points
D:3:      layout_loops_ring, nicolae_yredelemnul_corpse_copse,
          kennysheep_generic_room_14, uniq_sigmund, uniq_jessica
D:4:      layout_cave_pods, nicolae_ossuary_entry_catacombs,
          gammafunk_ghost_grave
D:5:      lemuel_castle_with_subvaults [lemuel_castle_interior_carwin_2],
          layout_rooms, ashenzari_altar_1, minmay_temple_entry_offerings,
          serial_shops, shop_fountains, uniq_blork_the_orc, uniq_ijyb,
          uniq_grinder, uniq_eustachio, uniq_menkaure
D:6:      layout_cave_pools
D:7:      layout_loops_ring, makhleb_grotto_becter, ebering_ghost_xom,
          hangedman_abyss_or_decor_lesser_grid, uniq_pikel
D:8:      layout_rooms, lemuel_round_altar, serial_shops, kennysheep_little_box,
          enter_bailey_4, hangedman_decor_opposing, uniq_maurice, uniq_erica
D:9:      layout_loops_ring, mainiacjoe_overflow_concentric_impassable,
          xom_teletrap_fun, lemuel_doored_altar, grunt_ogre_cave,
          minmay_misc_feat_rugged
D:10:     layout_grid_maze, lemuel_coloured_pillars_altar,
          due_lair_maze_entry_diamond
D:11:     layout_irregular_city, erik_orc_3, uniq_erolcha, uniq_snorg
Temple:   nicolae_temple_ecumenical_triangle

Skill      XL: |  1  2  3  4  5  6  7  8  9 10 11 12 |
---------------+-------------------------------------+-----
Fighting       | 1 2 4 5 |  5.0
Staves         | 4 5 7 9 12 | 12.0
Evocations     | 2 9 10 | 10.0
Armour         | 5 |  5.0
Dodging        | 5 |  5.0
Fire Magic     | 4 6 |  6.4
Throwing       | |  1.0
Stealth        | |  1.0
Spellcasting   | |  1.0
Translocations | |  2.0

Action                   |  1- 3 |  4- 6 |  7- 9 | 10-12 || total
-------------------------+-------+-------+-------+-------++-------
Melee: Quarterstaff      |    79 |   139 |   440 |   461 ||  1119
Throw: Dart              |     6 |     2 |    20 |    11 ||    39
       Throwing net      |       |       |       |     6 ||     6
Evoke: Wand              |       |       |    16 |    36 ||    52
  Use: Scroll            |     3 |     6 |    10 |    15 ||    34
       Potion            |     1 |       |     4 |     5 ||    10
 Stab: Sleeping          |     1 |     1 |     3 |     1 ||     6
       Held in net/web   |       |       |       |     1 ||     1
       Distracted        |       |       |       |     1 ||     1
Armor: Leather armour    |    34 |    33 |   114 |    86 ||   267
Dodge: Dodged            |    68 |    79 |   240 |   240 ||   627

Table legend: (Time is in decaauts)
 A = Elapsed time spent in this place.
 B = Non-inter-level travel time spent in this place.
 C = Inter-level travel time spent in this place.
 D = Time resting spent in this place.
 E = Time spent auto-exploring this place.
 F = Levels seen in this place.
 G = Mean time per level.
                   A        B        C        D        E       F      G
               +--------+--------+--------+--------+--------+-----+--------+
         Total |  15558 |  14918 |    640 |   5254 |   6333 |  14 | 1111.3 |
       Dungeon |  14297 |  13665 |    632 |   4649 |   6040 |  11 | 1299.7 |
        Temple |     58 |     51 |      7 |      0 |     31 |   1 |   58.0 |
       Ossuary |    331 |    331 |      0 |     57 |    158 |   1 |  331.0 |
        Bailey |    870 |    870 |      0 |    548 |    104 |   1 |  870.0 |
               +--------+--------+--------+--------+--------+-----+--------+

Top non-repeatable levels by time:
    D:10: 2570 daAuts
     D:4: 1900 daAuts
     D:5: 1746 daAuts
     D:3: 1399 daAuts
     D:9: 1381 daAuts
     D:7: 1206 daAuts
     D:8: 1100 daAuts
  Bailey: 870 daAuts
     D:2: 867 daAuts
    D:11: 847 daAuts
     D:6: 680 daAuts
     D:1: 597 daAuts
 Ossuary: 331 daAuts
  Temple: 58 daAuts
